Map: [ESL] Royal Blood

Players

Kelazhur

  • Race: Terran Terran
  • Spawn Location: 1:00

Classic - Winner!

  • Race: Protoss Protoss
  • Spawn Location: 7:00

Event: ESL SC2 Masters 2023 Summer (Finals)

VOD

Have the link to the VOD?

Description

Time

  • Played on: June 16, 2023, 12:13 p.m.
  • Length: 11:36

All games in this series

Show
View Real Time Build Order
Export as new Build Order

Kelazhur Terran 

Build Orders:  

Get SALT Encoding   

  12  0:00  SCV  
  13  0:12  SCV  
  14  0:17  Supply Depot  
  14  0:24  SCV  
  15  0:39  SCV  
  15  0:40  Barracks  
  16  0:44  Refinery  
  16  0:51  SCV  
  17  1:03  SCV  
  18  1:15  SCV  
  19  1:26  Marine  
  19  1:27  Orbital Command  
  20  1:39  Command Center  
  20  1:44  Barracks Reactor  
  20  1:50  Supply Depot  
  20  1:53  SCV  
  21  2:04  Factory  
  21  2:06  SCV  
  22  2:15  Bunker  
  22  2:18  SCV  
  22  2:20  Marine  
  22  2:21  Marine  
  25  2:30  SCV  
  25  2:34  Refinery  
  26  2:38  Reaper  
  26  2:41  Reaper  
  26  2:42  SCV  
  29  2:49  Hellion  
  29  2:50  Orbital Command  
  31  2:54  SCV  
  32  3:04  Barracks  
  32  3:07  SCV  
  32  3:10  Marine  
  34  3:13  Marine  
  34  3:19  SCV  
  34  3:22  SCV, Factory Tech Lab  
  34  3:28  Marine  
  34  3:31  Marine, SCV  
  37  3:35  Barracks, SCV  
  38  3:41  Cyclone  
  38  3:44  SCV, Supply Depot  
  40  3:50  SCV  
  40  3:56  Marine x2  
  40  3:57  Barracks Tech Lab  
  40  3:59  SCV  
  43  4:02  SCV  
  43  4:08  Engineering Bay  
  43  4:11  SCV  
  43  4:14  Marine x2, SCV  
  43  4:15  Stimpack  
  47  4:21  Marine  
  47  4:23  SCV  
  49  4:25  Starport  
  49  4:27  SCV  
  49  4:29  Combat Shield, Supply Depot  
  49  4:31  Marine  
  50  4:32  Marine, Factory Reactor  
  50  4:35  SCV  
  53  4:39  SCV  
  53  4:40  Refinery  
  53  4:42  Marine  
  53  4:43  Marine  
  54  4:49  Terran Infantry Weapons Level 1  
  54  4:50  Marine, SCV  
  54  4:51  Marine  
  54  4:52  Supply Depot  
  57  4:53  SCV  
  58  5:00  Marine  
  58  5:02  SCV  
  58  5:04  Marine  
  58  5:05  SCV  
  62  5:09  Supply Depot  
  62  5:10  Refinery  
  62  5:13  Marine x2  
  64  5:15  SCV  
  64  5:17  Marine  
  64  5:18  SCV  
  64  5:19  Medivac  
  69  5:21  Medivac  
  69  5:24  Marine, Supply Depot  
  70  5:30  SCV  
  70  5:31  SCV, Marine x2  
  74  5:41  Marine  
  75  5:43  SCV, Factory Reactor, Marine  
  75  5:47  Command Center  
  75  5:48  Supply Depot  
  75  5:49  Marine  
  78  5:50  Marauder  
  78  5:55  Supply Depot  
  78  5:56  SCV x2  
  82  6:00  Marine  
  82  6:02  Marauder  
  85  6:06  Marine  
  84  6:18  Marine  
  84  6:19  Marauder  
  84  6:21  SCV x2  
  84  6:22  Barracks  
  84  6:23  Widow Mine, Marauder, Barracks  
  84  6:24  Marine  
  94  6:28  Medivac x2  
  98  6:34  Supply Depot  
  98  6:37  Marine  
  98  6:39  SCV  
  100  6:40  Marauder  
  102  6:52  Supply Depot, Terran Infantry Armor Level 1  
  102  6:56  Widow Mine x2, SCV  
  102  6:59  Armory, Marauder  
  102  7:00  SCV  
  110  7:03  Medivac  
  110  7:04  Medivac  
  110  7:06  SCV  
  115  7:10  SCV  
  116  7:17  Marine  
  116  7:18  Marine, SCV, Marauder  
  116  7:21  Widow Mine  
  121  7:25  SCV  
  121  7:27  Marine, Barracks Reactor, Barracks Tech Lab  
  121  7:35  Marine  
  119  7:37  Marine  
  119  7:38  SCV  
  114  7:47  Marine, Marauder x2  
  107  7:53  Marine  
  107  7:56  Widow Mine x2  
  107  7:57  Marine  
  107  7:58  SCV x2  
  112  7:59  Orbital Command  
  112  8:05  Marine  
  112  8:08  Viking x2  
  112  8:11  Marine x3, Marauder  
  112  8:12  Marauder  
  123  8:18  Marine  
  113  8:21  Widow Mine x2  
  113  8:23  SCV x2, Marine  
  113  8:25  Ghost Academy  
  113  8:26  Supply Depot  
  106  8:38  Viking  
  92  8:49  SCV, Marine  
  92  8:52  Marine, Viking  
  94  8:59  Orbital Command  
  94  9:00  Marine x2, Ghost  
  87  9:03  Marine x2  
  87  9:07  Marine  
  87  9:08  Viking  
  87  9:09  Marine  
  72  9:10  SCV  
  68  9:18  Marine  
  68  9:22  Marine  
  40  9:45  Orbital Command x2  
  33  10:13  Ghost  
  33  10:28  Marine x2  
  35  10:37  SCV  
  36  10:49  SCV  
  37  11:01  SCV  
  38  11:07  Marine  
  39  11:13  SCV  
Show
View Real Time Build Order
Export as new Build Order

Classic Protoss - Winner!

Build Orders: 1 Gate Expand, Phoenix Opening, Colossus Rush 

Get SALT Encoding   

  12  0:00  Probe  
  13  0:12  Probe  
  14  0:18  Pylon  
  14  0:24  Probe  
  15  0:36  Probe (Chrono Boost), Gateway  
  16  0:46  Probe (Chrono Boost), Assimilator  
  17  0:51  Probe (Chrono Boost)  
  18  1:03  Probe  
  19  1:15  Probe  
  20  1:22  Cybernetics Core  
  20  1:32  Nexus  
  20  1:38  Pylon  
  20  1:41  Probe  
  21  1:47  Assimilator  
  21  1:53  Probe  
  22  1:56  Adept (Chrono Boost)  
  24  2:05  Probe  
  25  2:18  Probe, Adept  
  25  2:21  Stargate  
  28  2:30  Probe  
  28  2:31  Warp Gate  
  29  2:42  Probe (Chrono Boost)  
  30  2:44  Probe (Chrono Boost)  
  30  2:48  Adept  
  34  2:53  Probe (Chrono Boost)  
  34  2:54  Probe (Chrono Boost)  
  34  2:57  Probe (Chrono Boost)  
  35  2:59  Probe (Chrono Boost)  
  37  3:08  Probe  
  37  3:09  Phoenix (Chrono Boost)  
  37  3:10  Probe  
  41  3:20  Probe, Pylon  
  41  3:23  Probe, Adept  
  41  3:31  Phoenix (Chrono Boost)  
  41  3:33  Assimilator  
  43  3:35  Assimilator  
  43  3:36  Probe x2  
  45  3:49  Phoenix  
  45  3:51  Probe x2 (Chrono Boost)  
  45  3:59  Robotics Facility  
  45  4:03  Probe (Chrono Boost)  
  45  4:06  Gateway  
  45  4:09  Probe (Chrono Boost)  
  47  4:12  Probe (Chrono Boost)  
  47  4:16  Probe (Chrono Boost)  
  49  4:17  Probe  
  49  4:20  Pylon  
  50  4:27  Probe  
  50  4:28  Pylon  
  50  4:30  Probe  
  52  4:36  Sentry  
  54  4:39  Probe  
  54  4:42  Probe  
  54  4:43  Immortal (Chrono Boost)  
  56  4:48  Robotics Bay  
  60  4:55  Nexus  
  60  4:59  Shield Battery  
  60  5:06  Sentry  
  60  5:07  Zealot  
  64  5:09  Pylon  
  64  5:12  Immortal (Chrono Boost)  
  68  5:24  Shield Battery  
  68  5:29  Stalker x2  
  72  5:36  Pylon  
  72  5:41  Colossus (Chrono Boost)  
  78  5:43  Extended Thermal Lance  
  78  5:50  Pylon  
  78  5:54  Probe x2  
  78  5:55  Phoenix  
  82  6:04  Pylon  
  82  6:06  Probe x2  
  84  6:12  Stalker x2  
  84  6:14  Probe  
  89  6:18  Probe x2  
  89  6:23  Colossus (Chrono Boost)  
  97  6:29  Probe  
  97  6:30  Probe x2  
  97  6:32  Phoenix  
  101  6:36  Pylon  
  101  6:43  Probe x3  
  104  6:49  Forge, Twilight Council  
  104  6:54  Gateway  
  104  6:55  Gateway  
  104  6:58  Pylon  
  104  7:02  Observer  
  104  7:03  Zealot x2  
  104  7:05  Probe x2  
  104  7:06  Probe  
  112  7:08  Shield Battery  
  112  7:15  Pylon  
  112  7:17  Pylon  
  112  7:27  Stalker x2  
  115  7:39  Probe x3  
  112  7:50  Zealot x4  
  120  7:52  Probe x2  
  120  7:53  Probe, Warp Prism  
  120  7:57  Protoss Ground Weapons Level 1  
  120  7:58  Phoenix, Charge  
  125  8:04  Probe  
  125  8:05  Probe x2  
  128  8:11  Zealot x4  
  128  8:23  Probe x3  
  131  8:27  Gateway  
  131  8:29  Gateway  
  131  8:32  Gateway  
  131  8:34  Gateway  
  131  8:40  Colossus (Chrono Boost)  
  125  8:42  Zealot x4  
  137  8:55  Pylon  
  133  8:56  Pylon  
  133  8:58  Pylon  
  133  8:59  Pylon  
  123  9:04  Stalker  
  123  9:05  Stalker x3  
  120  9:27  Sentry  
  120  9:28  Stalker x5  
  122  9:40  Pylon  
  122  9:41  Pylon  
  122  9:43  Pylon  
  122  9:45  Pylon  
  104  10:01  Nexus  
  104  10:04  Pylon  
  102  10:19  Colossus (Chrono Boost)  
  108  10:43  Sentry x2  
  108  10:44  Sentry x2  
  108  10:45  Sentry  
  108  10:48  Sentry  
  120  11:07  Sentry x2  
  120  11:09  Zealot x2  
  117  11:26  Zealot x2  
  117  11:29  Zealot  
  117  11:32  Zealot  
Tags
 
Add a new tag
Caveats
  • Supply blocks, unpowered buildings, or Contaminate may cause inaccurate times.
  • Supply counts are checked every 10 seconds.